 Dungeon Crawl Stone Soup version 0.27.1-4-g1640c2035a (webtiles) character file.

Game seed: 9640203618393635305

65 pkoi the Ruffian (level 3, -4/31 HPs)
             Began as a Draconian Monk on Nov 11, 2021.
             Slain by an orc priest (5 damage)
             ... on level 3 of the Dungeon.
             The game lasted 00:02:48 (1820 turns).

pkoi the Ruffian (Draconian Monk)                   Turns: 1820, Time: 00:02:49

Health: -4/31      AC:  5    Str: 14    XL:     3   Next: 92%
Magic:  0/3        EV: 12    Int: 10    God:
Gold:   182        SH:  0    Dex: 13    Spells: 2/2 levels left

rFire    . . .     SeeInvis .     - Unarmed
rCold    . . .     Faith    .   (no shield)
rNeg     . . .     Spirit   +   (armour unavailable)
rPois    .         Reflect  .   (helmet restricted)
rElec    .         Harm     .   (no cloak)
rCorr    .         Rampage  .   (no gloves)
Will     .....                  (no boots)
Stlth    ++........             b - amulet of guardian spirit
HPRegen  0.10/turn              e - ring of wizardry
MPRegen  0.08/turn              (no ring)

@: no status effects
A: AC +5, unfitting armour, cold-blooded
a: no special abilities


You were on level 3 of the Dungeon.
You visited 1 branch of the dungeon, and saw 3 of its levels.

You collected 182 gold pieces.

Inventory:

Jewellery
 b - an amulet of guardian spirit (around neck)
 e - a ring of wizardry (left hand)
 g - an amulet of reflection
Scrolls
 a - 2 scrolls of identify
 f - 2 scrolls of fear {unknown}
Potions
 c - a potion of invisibility {unknown}
 d - a potion of curing {unknown}
 h - a potion of flight {unknown}


   Skills:
 - Level 3.2 Fighting
 - Level 2.6 Dodging
 - Level 1.7 Stealth
 + Level 4.9 Unarmed Combat


You had 2 spell levels left.
You didn't know any spells.
Your spell library contained the following spells:

 Spells                   Type           Power      Damage    Failure   Level
 Dazzling Flash           Conj/Hex       0%         N/A       41%         3
 Iskenderun's Mystic Bla  Conj/Tloc      0%         2d3       80%         4
 Starburst                Conj/Fire      0%         6d3       100%        6


Dungeon Overview and Level Annotations

Branches:
Dungeon (3/15)

Altars:

Shops:
D:1 [==(*


Innate Abilities, Weirdness & Mutations

Your plain brown scales are hard. (AC +5)
You cannot fit into any form of body armour.
You are cold-blooded and may be slowed by cold attacks.


Message History

You hit the orc priest but do no damage.
The orc priest is heavily wounded.
The orc priest hits you with a +0 falchion.
You completely miss the orc priest.
You tail-slap the orc priest, but do no damage.
The orc priest is heavily wounded.
The orc priest closely misses you.
You closely miss the orc priest.
You tail-slap the orc priest, but do no damage.
The orc priest is heavily wounded.
The orc priest barely misses you.
You completely miss the orc priest.
The orc priest is heavily wounded.
The orc priest calls down the wrath of Beogh upon you.
Beogh smites you!
* * * LOW HITPOINT WARNING * * *
You hit the orc priest but do no damage.
The orc priest is heavily wounded.
The orc priest closely misses you.
You completely miss the orc priest.
Your tail-slap misses the orc priest.
The orc priest is heavily wounded.
The orc priest closely misses you.
You hit the orc priest but do no damage.
You tail-slap the orc priest, but do no damage.
The orc priest is heavily wounded.
The orc priest hits you with a +0 falchion.
* * * LOW HITPOINT WARNING * * *
You hit the orc priest.
The orc priest is almost dead.
The orc priest hits you with a +0 falchion.
* * * LOW HITPOINT WARNING * * *
Unknown command.
Throw: dart (atropa)
Press: ? - help, Q - select action Shift-Dir - straight line, f/p - orc priest
Aim: an orc priest, wielding a +0 falchion and wearing a +0 chain mail (almost dead, 65% to hit, chance to blind on hit: 75%)
You throw an atropa-tipped dart.
The atropa-tipped dart barely misses the orc priest.
The atropa-tipped dart hits the orc.
The orc appears confused.
The orc priest hits you with a +0 falchion.
You die...

....... .....S. .......
#... ##.....?. #...
#........ #...
#....o.o. #...
#...o.oo. #...######.#
#...#.@oo..# #.#
#...#.###### .. #.....#
#. ###.#.# # . ###+#.#
#. # #...))# #.#+###
#....#############.....
#................#.....
#....###########.#.....


You could see an orc priest and an orc (confused, blind).

Vanquished Creatures
  An adder (D:2)
  2 dart slugs
  2 orcs (D:3)
  3 ball pythons
  4 endoplasms
  3 giant cockroaches (D:1)
  3 goblins
  3 hobgoblins
  5 jackals
  3 quokkas
  5 bats
  4 frilled lizards
  3 kobolds
  5 rats
46 creatures vanquished.

Notes
Turn   | Place    | Note
-------+----------+-------------------------------------------
     0 | D:1      | pkoi the Draconian Monk began the quest for the Orb.
     0 | D:1      | Reached XP level 1. HP: 19/19 MP: 1/1
     9 | D:1      | Found Xime's Weapon Shop.
    40 | D:1      | Found Goitwotz's Jewellery Boutique.
    87 | D:1      | Found Evvitat's Jewellery Emporium.
   159 | D:1      | Reached XP level 2. HP: 23/26 MP: 2/2
   337 | D:1      | Found Pufevo Rale's Assorted Antiques.
   605 | D:1      | Reached skill level 4 in Unarmed Combat
   771 | D:1      | Found Amoeb's Antique Armour Shop.
   968 | D:2      | Reached XP level 3. HP: 25/31 MP: 3/3
  1056 | D:2      | Noticed an ogre
  1629 | D:3      | Found a faded altar of an unknown god.
  1819 | D:3      | HP: 1/31 [orc priest (1)]
  1820 | D:3      | Slain by an orc priest

Illustrated notes

Levels and vault maps discovered:
D:1:      lightli_iron_boxes, layout_loops_ring, serial_shops,
          nicolae_shop_window_shopping, shop_coins, shop, nicolae_shop_crystal,
          shop
D:2:      layout_loops_ring, serial_bayou, serial_bayou_crossing,
          serial_bayou_shore_b, serial_bayou_pond_c, serial_bayou_pond_e,
          amcnicky_mini_pool_small, uniq_jessica
D:3:      layout_basic, shapermc_ecumenical_altar_acropolis

Skill      XL: |  1  2 |
---------------+-------+-----
Unarmed Combat | 4 |  4.9
Fighting       | |  3.2
Dodging        | |  2.6
Stealth        | |  1.7

Action                   || total
-------------------------++-------
Melee: Unarmed           ||   165
       Tailslap          ||    19
       Punch             ||     2
Throw: Dart              ||     3
  Use: Scroll            ||     5
 Stab: Sleeping          ||     6
Armor: Skin              ||    46
Dodge: Dodged            ||   141
